 Dungeon Crawl Stone Soup version 0.26.1-11-gd32895ea62 (webtiles) character file.

Game seed: 16191828830523107836

38 RepoMan the Chiller (level 3, -3/24 HPs)
             Began as a Barachi Ice Elementalist on June 17, 2021.
             Slain by an ogre
             ... wielding a +0 giant club
              (6 damage)
             ... on level 2 of the Dungeon.
             The game lasted 00:04:08 (1129 turns).

RepoMan the Chiller (Barachi Ice Elementalist)      Turns: 1129, Time: 00:04:09

Health: -3/24      AC:  2    Str:  9    XL:     3   Next: 43%
Magic:  2/7        EV: 12    Int: 16    God:
Gold:   58         SH:  0    Dex: 12    Spells: 6/7 levels left

rFire    . . .     SeeInvis .   (no weapon)
rCold    . . .     Faith    .   (no shield)
rNeg     + . .     Spirit   .   a - +0 robe
rPois    .         Reflect  .   (no helmet)
rElec    .         Harm     .   (no cloak)
rCorr    .         Rampage  .   (no gloves)
Will     .....                  (no boots)
Stlth    ++........             (no amulet)
HPRegen  0.08/turn              b - ring of positive energy
MPRegen  0.10/turn              (no ring)

@: can't hop, very slightly contaminated, slow
A: +LOS, swims, slowness 1, strong legs 1
a: Hop


You were on level 2 of the Dungeon.
You visited 1 branch of the dungeon, and saw 2 of its levels.

You collected 58 gold pieces.

Inventory:

Armour
 a - a +0 robe (worn)
Jewellery
 b - a ring of positive energy (left hand)
Scrolls
 c - a scroll of enchant armour {unknown}
 d - a scroll of amnesia {unknown}
 e - 2 scrolls of teleportation {unknown}
 f - a scroll of blinking {unknown}
 g - a scroll of remove curse {unknown}
 h - a scroll of identify {unknown}
 k - 3 scrolls of random uselessness {unknown}
Potions
 i - a potion of curing
 j - a potion of invisibility {unknown}


   Skills:
 - Level 2.1 Dodging
 - Level 1.7 Stealth
 + Level 2.8 Spellcasting
 * Level 5.8 Ice Magic


You had 6 spell levels left.
You knew the following spells:

 Your Spells              Type           Power        Failure   Level
a - Freeze                Ice            80%          1%          1

Your spell library contained the following spells:

 Spells                   Type           Power        Failure   Level
 Frozen Ramparts          Ice            40%          5%          3
 Ozocubu's Armour         Ice            20%          5%          3
 Hailstorm                Conj/Ice       11%          50%         4
 Summon Ice Beast         Ice/Summ       11%          50%         4


Dungeon Overview and Level Annotations

Branches:
Dungeon (2/15)

Altars:
Wu Jian


Innate Abilities, Weirdness & Mutations

You can be seen from farther away. (+LOS)
You can swim through water.
You cover ground slowly.
You can hop short distances.


Message History

The ogre is heavily wounded.
Casting: Freeze (safe; 1% risk of failure)
Confirm with . or Enter, or press ? or * to list all spells.
Aiming: Freeze (safe; 1% risk of failure)
Press: ? - help, Shift-Dir - straight line, f/p - ogre
Aim: an ogre, wielding a +0 giant club (heavily wounded)
You freeze the ogre.
The ogre is heavily wounded.
The ogre hits you with a +0 giant club!
Ouch! That really hurt!
* * * LOW HITPOINT WARNING * * *
Casting: Freeze (safe; 1% risk of failure)
Confirm with . or Enter, or press ? or * to list all spells.
Aiming: Freeze (safe; 1% risk of failure)
Press: ? - help, Shift-Dir - straight line, f/p - ogre
Aim: an ogre, wielding a +0 giant club (heavily wounded)
You freeze the ogre!
The ogre is almost dead.
The ogre hits you with a +0 giant club.
You die...

).........# #.# #.########
#########.#########.# #.........
#.........[.# #######...
############# ..........# ##
###########.# .# ####.......# #.#
.# #.......♣..###.#
.#################.##...._).#....
...(............@O.##.......#..##
.########.#######..##.......##.#
.# #..##.(..(.....# .########.#
#...#.......#### ..........#
#...#...≈..(# (...#####.#
#...#.≈≈≈≈≈.# ###.# #..##.≈≈≈≈≈≈#
#.# #.###≈≈≈≈≈≈≈# #.# ..#
#########


You could see an ogre.

Vanquished Creatures
  An adder (D:2)
  An ooze (D:2)
  2 dart slugs
  2 leopard geckos
  A ball python (D:1)
  3 bats (D:1)
  2 goblins (D:1)
  A hobgoblin (D:1)
  3 kobolds (D:1)
  A rat (D:1)
17 creatures vanquished.

Notes
Turn   | Place    | Note
-------+----------+-------------------------------------------
     0 | D:1      | RepoMan the Barachi Ice Elementalist began the quest for
                  | the Orb.
     0 | D:1      | Reached XP level 1. HP: 13/13 MP: 3/3
   119 | D:1      | Reached skill level 5 in Ice Magic
   324 | D:1      | Reached XP level 2. HP: 19/19 MP: 3/5
   945 | D:2      | Reached XP level 3. HP: 22/24 MP: 4/7
  1089 | D:2      | Found an ornate altar of the Wu Jian Council.
  1102 | D:2      | Noticed an ogre
  1129 | D:2      | Slain by an ogre

Illustrated notes

Levels and vault maps discovered:
D:1:      dpeg_arrival_windows_large_door, layout_loops_ring
D:2:      layout_loops_ring, nzn_wu_jian_contemplation, dk_xom_monty_hall,
          uniq_terence, uniq_sigmund, uniq_crazy_yiuf_cottage

Skill      XL: |  1 |
---------------+----+-----
Ice Magic      | 5 |  5.8
Dodging        | |  2.1
Stealth        | |  1.7
Spellcasting   | |  2.8

Action                   || total
-------------------------++-------
 Cast: Freeze            ||    27
 Abil: Hop               ||     1
  Use: Potion            ||     1
Armor: Robe              ||     1
Dodge: Dodged            ||     9
